 Dungeon Crawl Stone Soup version 0.30.1-11-g7821555f0a (webtiles) character file.

Game seed: 12199589055627508519

107 jagang the Slasher (level 4, -6/38 HPs)
             Began as a Barachi Monk on Nov 15, 2023.
             Splashed by a jelly's acid (8 damage)
             ... on level 2 of the Dungeon.
             The game lasted 00:02:00 (1075 turns).

jagang the Slasher (Barachi Monk)                   Turns: 1075, Time: 00:02:01

Health: -6/38      AC:  0    Str: 12    XL:     4   Next: 85%
Magic:  4/4        EV:  7    Int: 11    God:
Gold:   40         SH:  0    Dex: 16    Spells: 3/3 levels left

rFire   . . .        a - +0 falchion
rCold   . . .        d - orb {light}
rNeg    . . .        f - +0 chain mail
rPois   .            (no helmet)
rElec   .            (no cloak)
rCorr   .            (no gloves)
SInv    .            (no boots)
Will    .....        (no amulet) Stlth
                     (no ring)
HPRegen 0.26/turn    (no ring)
MPRegen 0.09/turn

%: no passive effects
@: corroded, unable to hop, glowing, slow
A: amphibious, slowness 1, strong legs 1, +LOS
a: Hop


You were on level 2 of the Dungeon.
You visited 1 branch of the dungeon, and saw 2 of its levels.

You collected 40 gold pieces.

Inventory:

Hand Weapons
 a - a +0 falchion (weapon)
Armour
 d - an orb of light (worn)
 f - a +0 chain mail (worn)
Scrolls
 b - a scroll of noise {unknown}
 e - 5 scrolls of identify {unknown}
 g - a scroll of teleportation {unknown}
 h - a scroll of magic mapping {unknown}
Potions
 c - a potion of ambrosia
 i - a potion of might {unknown}


   Skills:
 + Level 4.5 Fighting
 * Level 5.2 Long Blades
 + Level 2.3 Armour
 - Level 3.2 Dodging


You had 3 spell levels left.
You didn't know any spells.
Your spell library was empty.

Dungeon Overview and Level Annotations

Branches:
Dungeon (2/15)

Altars:
Yredelemnul


Innate Abilities, Weirdness & Mutations

You are amphibious.
You cover ground slowly.
You can hop short distances.
You have an extended range of vision and can be seen from far away.


Message History

You hit the jelly.
Your hands burn!
The jelly is moderately wounded.
The jelly closely misses you. The jelly hits you but does no damage.
The jelly attacks as you move away! The jelly hits you but does no damage.
The jelly closely misses you.
You are too injured to fight recklessly!
You are too injured to fight recklessly!
You are too injured to fight recklessly!
You are too injured to fight recklessly!
You are too injured to fight recklessly!
You are too injured to fight recklessly!
You hit the jelly.
Your hands burn!
The jelly is moderately wounded.
The jelly hits you but does no damage.
You hit the jelly.
Your hands burn!
The jelly is heavily wounded.
The jelly hits you but does no damage.
You hit the jelly. The acid corrodes you!
Your hands burn!
* * * LOW HITPOINT WARNING * * *
The jelly is severely wounded.
The jelly hits you but does no damage.
You hit the jelly.
Your hands burn!
* * * LOW HITPOINT WARNING * * *
The jelly is almost dead.
The jelly barely misses you.
Hop to where?
Press: ? - help, Dir - move target Boing!
There is an open door here.
You close the door.
You hear a slurping noise.
The jelly eats the door!
The jelly attacks as you move away! The jelly hits you but does no damage.
You hit the jelly. The acid corrodes you!
Your hands burn!
* * * LOW HITPOINT WARNING * * *
The jelly is severely wounded.
The jelly hits you.
* * * LOW HITPOINT WARNING * * *
You are splashed with acid!
You die...

...#.# #######.###
...'.# #.....# ...###
##)')## ...# ##)))##
...# ##.....##
...###### #.......#
#+#.(...# #.......#
#.'.....# #)......#
###.....### #...@...#
........+.# #...J####
##......#.# #.......##
##.#....#.# ########.#
...######.# ##..J...##
##.......<# #J#######
.#.###..#.##JJJJJ..P.#
.#.#....#.##...J....÷#
.#.#.##.#.##.......÷÷#


You could see a jelly.

Vanquished Creatures
  A jelly (D:2)
  An orc wizard (D:2)
  An adder (D:2)
  2 orcs (D:2)
  2 ball pythons (D:1)
  3 bats
  9 endoplasms
  A goblin (D:1)
  5 hobgoblins
  A quokka (D:1)
  2 frilled lizards
  7 kobolds
  A rat (D:1)
36 creatures vanquished.

Notes
Turn   | Place    | Note
-------+----------+-------------------------------------------
     0 | D:1      | jagang the Barachi Monk began the quest for the Orb.
     0 | D:1      | Reached XP level 1. HP: 18/18 MP: 1/1
   192 | D:1      | Reached XP level 2. HP: 25/25 MP: 2/2
   194 | D:1      | Reached skill level 4 in Long Blades
   239 | D:1      | Reached skill level 1 in Armour
   447 | D:1      | Reached XP level 3. HP: 26/30 MP: 3/3
   806 | D:2      | Reached XP level 4. HP: 24/37 MP: 4/4
   914 | D:2      | Found a basalt altar of Yredelemnul.
   997 | D:2      | Reached skill level 5 in Long Blades
  1075 | D:2      | Splashed by a jelly's acid

Illustrated notes

Levels and vault maps discovered:
D:1:      minmay_arrival_solitary_statue, layout_rooms, hex_intersection
D:2:      cheibrodos_fertilizer, layout_basic, basic_altar, grunt_ministairs_2,
          minmay_hexomino_c4

Skill      XL: |  1  2  3  4 |
---------------+-------------+-----
Long Blades    | 4 5 |  5.2
Armour         | 1 2 |  2.3
Fighting       | 4 |  4.5
Dodging        | |  3.2

Action                     |  1- 3 |  4- 6 || total
---------------------------+-------+-------++-------
  Melee: Falchion          |    80 |    29 ||   109
Ability: Hop               |       |     1 ||     1
 Armour: Robe              |     1 |       ||     1
         Chain mail        |    28 |    27 ||    55
  Dodge: Dodged            |    27 |    16 ||    43
